 Dungeon Crawl Stone Soup version 0.24.0-13-gcf9b319 (webtiles) character file.

Game seed: 11482592331046805632, levelgen mode: deterministic

46 Bionic the Cudgeler (level 3, -1/31 HPs)
             Began as a Hill Orc Fighter on Mar 29, 2020.
             Slain by a gnoll
             ... wielding a +0 flail
              (4 damage)
             ... on level 2 of the Dungeon.
             The game lasted 00:01:30 (965 turns).

Bionic the Cudgeler (Hill Orc Fighter)               Turns: 965, Time: 00:01:31

Health: -1/31      AC:  6    Str: 19    XL:     3   Next: 68%
Magic:  3/3        EV:  7    Int:  8    God:
Gold:   71         SH:  9    Dex: 10    Spells: 2/2 levels left

rFire    . . .     SeeInvis .   a - +0 flail
rCold    . . .     Gourm    .   c - +0 shield
rNeg     . . .     Faith    .   b - +0 scale mail
rPois    .         Spirit   .   (no helmet)
rElec    .         Reflect  .   (no cloak)
rCorr    .         Harm     .   (no gloves)
MR       .....                  (no boots)
Stlth    ..........             (no amulet)
HPRegen  0.10/turn              (no ring)
MPRegen  0.08/turn              (no ring)

@: no status effects
A: no striking features
a: no special abilities


You were on level 2 of the Dungeon.
You were not hungry.

You visited 1 branch of the dungeon, and saw 2 of its levels.

You collected 71 gold pieces.

Inventory:

Hand Weapons
 a - a +0 flail (weapon)
Missiles
 g - 47 stones (quivered)
Armour
 b - a +0 scale mail (worn)
 c - a +0 shield (worn)
 l - a +1 pair of gloves
   (You found it on level 1 of the Dungeon)
Scrolls
 e - a scroll of identify {unknown}
 i - a scroll of enchant weapon {unknown}
 m - a scroll of teleportation {unknown}
 n - a scroll of random uselessness {unknown}
 o - a scroll of magic mapping {unknown}
 p - a scroll of remove curse {unknown}
Potions
 d - a potion of might
 h - a potion of agility {unknown}
 j - a potion of haste {unknown}
 k - a potion of magic {unknown}
Comestibles
 f - 4 rations
 q - 2 chunks of flesh {@w0}


   Skills:
 - Level 3.6 Fighting
 * Level 4.3 Maces & Flails
 - Level 3.2 Armour
 - Level 3.2 Shields


You had 2 spell levels left.
You didn't know any spells.
Your spell library was empty.

Dungeon Overview and Level Annotations

Branches:
Dungeon (2/15)

Altars:


Message History

You throw a stone.
The stone hits the goblin but does no damage.
You closely miss the goblin. The goblin barely misses you.
You closely miss the goblin. You block the goblin's attack.
You thump the goblin!
You kill the goblin!
No target in view!
g - 21 stones (gained 1)
o - a scroll labeled COFIJE OZIS No target in view!
g - 49 stones (gained 28)
f - 3 rations (gained 1)
A kobold comes into view. It is wielding a +0 dagger.
The kobold shouts!
You barely miss the kobold. The kobold hits you but does no damage.
You hit the kobold. The kobold closely misses you.
You barely miss the kobold.
The kobold hits you but does no damage. x2
You thump the kobold!
You kill the kobold!
No target in view!
You now have 59 gold pieces (gained 11).
You see here a +0 dagger.
You now have 71 gold pieces (gained 12).
All of the chunks of flesh in your inventory have rotted away.
Done exploring.
You open the door.
There is an open door here.
There is a stone staircase leading down here.
You climb downwards.
There is a stone staircase leading up here.
i - a scroll labeled CUITWY TAFFE You open the door.
There is an open door here.
p - a scroll labeled KEJO LAIQU No target in view!
f - 4 rations (gained 1)
There is an open door here.
A gnoll comes into view. It is wielding a +0 flail.
The gnoll shouts!
Throwing (i - inventory)
g - 49 stones (quivered)
Aim: a gnoll, wielding a +0 flail You throw a stone.
The stone hits the gnoll.
Throwing (i - inventory)
g - 48 stones (quivered)
Aim: a gnoll, wielding a +0 flail (lightly wounded)
You throw a stone. The stone hits the gnoll.
A gnoll comes into view.
It is wielding a +2 halberd of protection.
No target in view!
No target in view!
Throwing (i - inventory)
g - 47 stones (quivered)
Aim: a gnoll, wielding a +0 flail (lightly wounded)
You throw a stone. The stone hits the gnoll.
You sock the gnoll!
You kill the gnoll!
Your Maces & Flails skill increases to level 4!
Things that are here:
a +0 flail; a gnoll corpse You butcher the gnoll corpse.
q - 2 chunks of flesh {@w0}
Things that are here:
a +0 flail; a gnoll skeleton A gnoll comes into view.
It is wielding a +0 spear.
You see here a stone.
g - 47 stones (gained 1)
The gnoll shouts!
You hear a shout!
Things that are here:
a +0 flail; a gnoll skeleton The gnoll hits you with a +0 spear.
You take 3 damage, and have 28/31 hp.
You hit the gnoll. You block the gnoll's attack.
The gnoll hits you with a +0 spear.
You take 2 damage, and have 26/31 hp.
You barely miss the gnoll.
A gnoll comes into view. It is wielding a +0 flail.
You block the gnoll's attack.
You barely miss the gnoll.
The gnoll shouts!
The gnoll barely misses you.
Your shield and scale mail prevent you from hitting the gnoll.
The gnoll hits you but does no damage.
A goblin comes into view. It is wielding a +0 club.
You completely miss the gnoll. The gnoll barely misses you.
The gnoll hits you with a +0 spear.
You take 3 damage, and have 23/31 hp.
You hit the gnoll. The gnoll hits you with a +0 spear.
You block the gnoll's attack.
You take 3 damage, and have 20/31 hp.
You hit the gnoll. The gnoll hits you with a +0 spear.
The gnoll hits you from afar with a +2 halberd of protection!
* * * LOW HITPOINT WARNING * * *
You take 14 damage, and have 6/31 hp.
MASSIVE DAMAGE!!
You hit the gnoll.
You kill the gnoll!
You block the gnoll's attack.
You closely miss the gnoll. You block the gnoll's attack.
The gnoll barely misses you.
You barely miss the gnoll. The gnoll hits you with a +0 flail.
* * * LOW HITPOINT WARNING * * *
You block the gnoll's attack. The gnoll hits you with a +0 flail.
You die...

g(!........##.#...<#
(.#####..##.#.####
..............#
.#g.....##.#.#
#......##.#...
+......##.#.###
#......##.#.#
.###.#####..##.#.#
.....gg@)g..##.#.#
.....#####..##. ..
... #..... .
........ #..##.##
#... ... ...[. ..
..##


You could see 2 gnolls and a goblin.

Vanquished Creatures
  2 gnolls (D:2)
  A leopard gecko (D:1)
  3 giant cockroaches (D:1)
  A goblin (D:1)
  2 hobgoblins (D:1)
  7 jackals (D:1)
  A ball python (D:1)
  A bat (D:1)
  2 frilled lizards (D:1)
  4 kobolds (D:1)
  A rat (D:1)
25 creatures vanquished.

Notes
Turn   | Place    | Note
-------+----------+-------------------------------------------
     0 | D:1      | Bionic the Hill Orc Fighter began the quest for the Orb.
     0 | D:1      | Reached XP level 1. HP: 19/19 MP: 1/1
    70 | D:1      | Reached XP level 2. HP: 26/26 MP: 2/2
    96 | D:1      | Reached skill level 3 in Maces & Flails
   480 | D:1      | Reached XP level 3. HP: 31/31 MP: 3/3
   948 | D:2      | Reached skill level 4 in Maces & Flails
   962 | D:2      | HP: 6/31 [gnoll/+2 halberd of protection (10)]
   965 | D:2      | Slain by a gnoll

Levels and vault maps discovered:
D:1:      minmay_arrival_up_and_down, layout_loops_ring, supply_closet_lemuel
D:2:      layout_basic

Skill      XL: |  1  2  3 |
---------------+----------+-----
Maces & Flails | 3 4 |  4.3
Fighting       | |  3.6
Armour         | |  3.2
Shields        | |  3.2

Action                   || total
-------------------------++-------
Melee: Flail             ||    77
Throw: Stone             ||    28
Armor: Scale mail        ||    32
Dodge: Dodged            ||    20
Block: Shield            ||    32

Levels and vault maps discovered:
D:1:      minmay_arrival_up_and_down, layout_loops_ring, supply_closet_lemuel
D:2:      layout_basic

Table legend:
 A = Turns spent in this place as a percentage of turns spent in the entire game.
 B = Non-inter-level travel turns spent in this place as a percentage of non-inter-level travel turns spent in the entire game.
 C = Inter-level travel turns spent in this place as a percentage of turns spent in this place.
 D = Turns resting spent in this place as a percentage of non-inter-level travel turns spent in this place.
 E = Turns spent auto-exploring this place as a percentage of non-inter-level travel turns spent in this place.
 F = Non-inter-level travel turns spent in this place divided by the number of levels of this place that you've seen.
                   A       B       C       D       E      F
               +-------+-------+-------+-------+-------+----------------------
         Total | 100.0 | 100.0 |   0.6 |  10.4 |  71.1 | 479.5
       Dungeon | 100.0 | 100.0 |   0.6 |  10.4 |  71.1 | 479.5
               +-------+-------+-------+-------+-------+----------------------

Table legend:
 A = Kills in this place as a percentage of kills in entire the game.
 B = Kills by you in this place as a percentage of kills by you in the entire game.
 C = Kills by friends in this place as a percentage of kills by friends in the entire game.
 D = Other kills in this place as a percentage of other kills in the entire game.
 E = Experience gained in this place as a percentage of experience gained in the entire game.
 F = Experience gained in this place divided by the number of levels of this place that you have seen.
                   A       B       C       D       E      F
               +-------+-------+-------+-------+-------+----------------------
         Total | 100.0 | 100.0 |   N/A |   N/A | 100.0 |  33.5
       Dungeon | 100.0 | 100.0 |   N/A |   N/A | 100.0 |  33.5
               +-------+-------+-------+-------+-------+----------------------
